 Dungeon Crawl Stone Soup version 0.29-a0-813-g4a14ea37d6 (webtiles) character file.

Game seed: 12597580195411777642

7 indigestion the Sneak (level 2, 19/19 HPs)
             Began as a Human Enchanter on July 5, 2022.
             Quit the game on level 1 of the Dungeon.
             The game lasted 00:01:09 (232 turns).

indigestion the Sneak (Human Enchanter)              Turns: 232, Time: 00:01:10

Health: 19/19      AC:  2    Str:  8    XL:     2   Next: 5%
Magic:  5/5        EV: 12    Int: 15    God:
Gold:   21         SH:  0    Dex: 13    Spells: 5/5 levels left

rFire   . . .      SeeInvis .   a - +1 dagger
rCold   . . .      Faith    .   (no shield)
rNeg    . . .      Spirit   .   b - +0 robe
rPois   .          Reflect  .   (no helmet)
rElec   .          Harm     .   (no cloak)
rCorr   .          Rampage  .   (no gloves)
Will    .....                   (no boots)
Stlth   ++........              (no amulet)
HPRegen 0.06/turn               (no ring)
MPRegen 0.09/turn               (no ring)

@: no status effects
A: no striking features
a: no special abilities


You were on level 1 of the Dungeon.
You visited 1 branch of the dungeon, and saw 1 of its levels.

You collected 21 gold pieces.

Inventory:

Hand Weapons
 a - a +1 dagger (weapon)
 d - a +0 vorpal mace
Armour
 b - a +0 robe (worn)
Potions
 c - 2 potions of invisibility


   Skills:
 + Level 1.3 Short Blades
 + Level 2.2 Dodging
 + Level 3.1 Stealth
 - Level 2.0 Spellcasting
 - Level 3.0 Hexes


You had 5 spell levels left.
You didn't know any spells.
Your spell library contained the following spells:

 Spells                   Type           Power      Damage    Failure   Level
 Ensorcelled Hibernation  Hex/Ice        12%        N/A       19%         2
 Confusing Touch          Hex            10%        N/A       19%         3
 Tukima's Dance           Hex            10%        N/A       19%         3
 Dazzling Flash           Conj/Hex       12%        N/A       34%         3


Dungeon Overview and Level Annotations

Branches:
Dungeon (1/15)

Altars:


Message History

The bat hits you but does no damage. The bat hits you but does no damage.
You miss the bat. The bat completely misses you.
You hit the bat but do no damage. The bat hits you.
The frilled lizard bites you but does no damage.
You barely miss the bat. The bat hits you but does no damage.
The frilled lizard barely misses you.
You hit the bat.
The bat is moderately wounded.
The bat hits you. The frilled lizard bites you.
You hit the frilled lizard.
You kill the frilled lizard!
The bat barely misses you.
You have reached level 2!
You closely miss the bat.
The bat is moderately wounded.
The bat hits you but does no damage.
You closely miss the bat.
The bat is moderately wounded.
The bat completely misses you.
You barely miss the bat.
The bat is moderately wounded.
The bat closely misses you.
You barely miss the bat.
The bat is moderately wounded.
The bat hits you. The bat barely misses you.
You hit the bat.
You kill the bat!
No target in view!
No target in view!
You now have 21 gold pieces (gained 8).
You open the door.
You see here a +0 vorpal mace.
A bat comes into view.
You see here a +0 vorpal mace.
d - a +0 vorpal mace
Okay, then.
Unknown command.
Are you sure you want to abandon this character and quit the game? (Confirm with "yes".)

...........# ###.........##.#
....b...........
#............ . # #.##.... ..
#. ##.##..##.#
###..#..##.....# #
............# #.##.
.........@..##....... .##
##.................... ..##
#..##..##..#......... .#
..###..........#+#...... .#
#.......#..#..........# .#
#.#.#.#.#.............# .#
##.....................#
.###..#.#.#.#..#..#.......#.#
.........)................#.#


There were no monsters in sight!

Vanquished Creatures
  2 endoplasms (D:1)
  A hobgoblin (D:1)
  A bat (D:1)
  A frilled lizard (D:1)
  A kobold (D:1)
  A rat (D:1)
7 creatures vanquished.

Notes
Turn   | Place    | Note
-------+----------+-------------------------------------------
     0 | D:1      | indigestion the Human Enchanter began the quest for the
                  | Orb.
     0 | D:1      | Reached XP level 1. HP: 13/13 MP: 3/3
    66 | D:1      | Reached XP level 2. HP: 12/19 MP: 5/5
   232 | D:1      | Quit the game

Illustrated notes

Levels and vault maps discovered:
D:1:      minmay_arrival_cross, layout_basic, serial_glass, glass_columns_c,
          glass_columns_b

Action                   || total
-------------------------++-------
Melee: Dagger            ||    20
Armor: Robe              ||     5
Dodge: Dodged            ||    11

Table legend: (Time is in decaauts)
 A = Elapsed time spent in this place.
 B = Non-inter-level travel time spent in this place.
 C = Inter-level travel time spent in this place.
 D = Time resting spent in this place.
 E = Time spent auto-exploring this place.
 F = Levels seen in this place.
 G = Mean time per level.
                   A        B        C        D        E       F      G
               +--------+--------+--------+--------+--------+-----+--------+
         Total |    230 |    230 |      0 |      0 |    181 |   1 |  230.0 |
       Dungeon |    230 |    230 |      0 |      0 |    181 |   1 |  230.0 |
               +--------+--------+--------+--------+--------+-----+--------+

Top non-repeatable levels by time:
     D:1: 230 daAuts
